 Dungeon Crawl Stone Soup version 0.26-a0-652-gafc20e3620 (webtiles) character file.

Game seed: 3586275792438227865

5759 ringo67 the Martial Artist (level 10, -3/87 HPs)
             Began as an Octopode Transmuter on Oct 3, 2020.
             Was a Follower of Ru.
             Hit by a boomerang thrown by an orc warrior (6 damage)
             ... on level 9 of the Dungeon.
             The game lasted 00:26:16 (13051 turns).

ringo67 the Martial Artist (Octopode Transmuter)   Turns: 13051, Time: 00:26:17

Health: -3/87      AC:  6    Str: 12    XL:     10   Next: 78%
Magic:  0/13       EV: 15    Int: 22    God:    Ru [*.....]
Gold:   446        SH:  0    Dex: 13    Spells: 5/13 levels left

rFire    x . .     SeeInvis .     - Unarmed
rCold    + + +     Faith    .   (shield currently unavailable)
rNeg     + . .     Spirit   +   (helmet currently unavailable)
rPois    +         Reflect  .   m - amulet of guardian spirit
rElec    .         Harm     .   j - +4 ring of evasion
rCorr    .         Rampage  .   r - ring of poison resistance
MR       .....                  i - ring of positive energy
Stlth    +.........             u - +6 ring of intelligence
HPRegen  0.24/turn              (no ring)
MPRegen  0.13/turn              (no ring)
                                (no ring)
                                (no ring)

@: ice-form, no potions
A: large, almost no armour, stealthy swim, amphibious, 8 rings, (constrict 8),
inability to drink while threatened
a: End Transformation, Sacrifice Experience, Sacrifice Resistance, Sacrifice
Nimbleness, Reject Sacrifices, Renounce Religion


You were on level 9 of the Dungeon.
You worshipped Ru.
Ru was aware of your devotion.
You were a creature of crystalline ice.
You visited 2 branches of the dungeon, and saw 10 of its levels.
You also visited: Sewer.

You collected 446 gold pieces.

Inventory:

Missiles
 c - 53 poisoned darts (quivered)
 p - 8 curare-tipped darts
Armour
 y - a +0 kite shield
Jewellery
 i - a ring of positive energy (on tentacle)
 j - a +4 ring of evasion (left front paw)
 m - an amulet of guardian spirit (around neck)
 r - a ring of poison resistance (right front paw)
 u - a +6 ring of intelligence (on tentacle)
 B - an uncursed amulet of faith {unknown}
Wands
 k - a wand of iceblast (11)
 l - a wand of flame (48)
 x - a wand of acid (12)
 A - a wand of paralysis (4)
 C - a wand of polymorph (11)
 D - a wand of disintegration (10)
Scrolls
 b - a scroll of immolation {unknown}
 e - 5 scrolls of identify
 h - 7 scrolls of remove curse
 n - a scroll of amnesia
 s - a scroll of magic mapping {unknown}
 t - 2 scrolls of enchant weapon {unknown}
 w - 2 scrolls of fog {unknown}
 z - a scroll of teleportation
Potions
 a - 2 potions of might
 d - 2 potions of haste
 f - a potion of cancellation
 g - 5 potions of curing
 o - 3 potions of flight
 q - a potion of lignification
 v - a potion of ambrosia
 E - a potion of stabbing {unknown}
 F - a potion of heal wounds


   Skills:
 + Level 8.7 Fighting
 + Level 4.2 Dodging
 + Level 3.5 Shields
 + Level 9.2 Unarmed Combat
 - Level 2.0 Spellcasting
 - Level 8.0 Transmutations
 - Level 3.0 Ice Magic
 - Level 2.0 Poison Magic


You had 5 spell levels left.
You knew the following spells:

 Your Spells              Type           Power        Failure   Level
a - Beastly Appendage     Tmut           #####.       1%          1
b - Spider Form           Tmut/Pois      ###.......   5%          3
c - Ice Form              Ice/Tmut       ####....     14%         4

Your spell library contained the following spells:

 Spells                   Type           Power        Failure   Level
 Wereblood                Tmut           #####...     1%          2
 Animate Skeleton         Necr           #.....       14%         1
 Apportation              Tloc           #.....       14%         1
 Corona                   Hex            #......      14%         1
 Summon Small Mammal      Summ           #...         14%         1
 Blade Hands              Tmut           #####.....   14%         5


Dungeon Overview and Level Annotations

Branches:
Dungeon (9/15)             Temple (1/1) D:5           Sewer (visited)
   Lair: D:8-11         Orc: D:9-12

Altars:
Ashenzari
Cheibriados
Dithmenos
Elyvilon
Fedhas
Gozag
Hepliaklqana
Kikubaaqudgha
Makhleb
Nemelex Xobeh
Okawaru
Qazlal
Ru
Sif Muna
Trog
Uskayaw
Vehumet
Wu Jian
Xom
Yredelemnul
Zin
The Shining One


Innate Abilities, Weirdness & Mutations

You cannot wear most types of armour.
You are very stealthy in the water. (Stealth+)
You are amphibious.
You can wear up to eight rings at the same time.
((You can use your tentacles to constrict eight enemies at once.))
((Your skin changes colour to match your surroundings (Stealth+).))
((Your rubbery body absorbs attacks. (AC +1, EV +1)))
You cannot drink potions while threatened.


Message History

You barely miss the orc warrior.
The orc warrior is lightly wounded.
The orc warrior hits you with a +0 short sword!
* * * LOW HITPOINT WARNING * * *
You hit the orc warrior. You freeze the orc warrior.
The orc warrior is heavily wounded.
The orc warrior hits you but does no damage.
You hit the orc warrior. You freeze the orc warrior.
The orc warrior is severely wounded.
You barely miss the orc warrior.
The orc warrior is severely wounded.
The orc warrior hits you with a +0 short sword!
* * * LOW HITPOINT WARNING * * *
You barely miss the orc warrior.
The orc warrior is severely wounded.
The orc warrior hits you with a +0 short sword.
* * * LOW HITPOINT WARNING * * *
Unknown command.
The orc warrior throws a boomerang.
The boomerang hits you.
You die...

#......#.##.#
#######......#.##.#
#########......#######.##.#
...............# #..#.#
.....(.........# ##.#.#
...............# ######
...............# 8##
...............####...#..
.............Y.ooo.......
#######'#......##).......
#.#......###....... #
#.#......# #...#.. #
#.#......# #8## . #
#....#.### ## # ####.#.# #
#.#.# # #.#


You could see an orc warrior and 2 orcs.

Vanquished Creatures
  Pikel (D:4)
  6 yaks (D:9)
  Menkaure (D:4)
  A water moccasin (D:9)
  5 orc warriors
  4 sky beasts
  A black bear (D:9)
  A necrophage (D:7)
  4 ice beasts
  5 ogres
  3 centaurs
  A big kobold (D:7)
  4 bullfrogs
  A wyvern skeleton (D:8)
  5 killer bees (D:7)
  7 wights
  A howler monkey (D:4)
  A centaur zombie (D:5)
  7 hounds
  A jelly (D:5)
  3 orc wizards (D:9)
  2 bullfrog skeletons
  A centaur skeleton (D:8)
  4 orc priests (D:9)
  An iguana (D:6)
  Natasha (thrice) (D:4)
  6 worker ants
  A hound zombie (D:9)
  2 worker ant zombies
  3 river rats (D:4)
  20 adders
  3 shadow imps
  3 white imps
  An ufetubus (D:5)
  7 oozes
  2 adder skeletons
  8 worms
  5 dart slugs
  21 leopard geckos
  16 orcs
  9 ball pythons
  13 giant cockroaches
  10 goblins
  8 hobgoblins
  16 jackals
  14 kobolds
  5 quokkas
  4 bats
  14 frilled lizards
  A jackal zombie (D:5)
  13 rats
279 creatures vanquished.

Vanquished Creatures (others)
  A hound (D:6)
  An orc wizard (D:6)
  A leopard gecko (D:6)
  An orc (D:6)
  A giant cockroach (D:6)
5 creatures vanquished.

Grand Total: 284 creatures vanquished

Notes
Turn   | Place    | Note
-------+----------+-------------------------------------------
     0 | D:1      | ringo67 the Octopode Transmuter began the quest for the
                  | Orb.
     0 | D:1      | Reached XP level 1. HP: 13/13 MP: 3/3
    62 | D:1      | Reached XP level 2. HP: 18/18 MP: 5/5
   399 | D:1      | Reached XP level 3. HP: 22/24 MP: 6/6
  1058 | D:2      | Found a hazy altar of Hepliaklqana.
  1060 | D:2      | Found an opulent altar of Gozag.
  1061 | D:2      | Found a white marble altar of Elyvilon.
  1165 | D:2      | Reached XP level 4. HP: 26/29 MP: 4/7
  1704 | D:2      | Reached skill level 4 in Unarmed Combat
  1746 | D:2      | Reached XP level 5. HP: 28/36 MP: 8/8
  2184 | D:2      | Learned a level 3 spell: Spider Form
  2189 | D:2      | Learned a level 4 spell: Ice Form
  2250 | D:3      | Found a snail-covered altar of Cheibriados.
  2648 | D:3      | Found an ancient bone altar of Kikubaaqudgha.
  3412 | D:4      | Reached skill level 1 in Poison Magic
  3480 | D:4      | Reached XP level 6. HP: 27/42 MP: 7/9
  3575 | D:4      | Noticed Menkaure
  3728 | D:4      | Found a glowing drain.
  3817 | Sewer    | Entered a sewer
  3904 | Sewer    | HP: 2/42 [leopard gecko (4)]
  5056 | Sewer    | Reached XP level 7. HP: 35/47 MP: 6/10
  5065 | Sewer    | Reached skill level 5 in Unarmed Combat
  5683 | D:4      | Noticed Natasha
  5708 | D:4      | Killed Natasha
  5730 | D:4      | Found an iron altar of Okawaru.
  5755 | D:4      | Noticed Natasha
  5773 | D:4      | Killed Natasha
  5884 | D:4      | Noticed Pikel
  5908 | D:4      | Killed Pikel
  5908 | D:4      | Reached skill level 5 in Fighting
  5908 | D:4      | Reached skill level 5 in Transmutations
  5908 | D:4      | Reached XP level 8. HP: 18/55 MP: 3/11
  6000 | D:4      | Reached skill level 6 in Unarmed Combat
  6284 | D:4      | Killed Menkaure
  6648 | D:4      | Noticed Natasha
  6655 | D:4      | Killed Natasha
  6807 | D:5      | Entered Level 5 of the Dungeon
  7324 | D:5      | Found a staircase to the Ecumenical Temple.
  7333 | Temple   | Entered the Ecumenical Temple
  7382 | Temple   | Became a worshipper of Ru the Awakened
  7476 | D:5      | Reached XP level 9. HP: 49/62 MP: 8/12
  7609 | D:6      | Found a shimmering altar of Xom.
  7905 | D:6      | Found a shimmering blue altar of Sif Muna.
  8009 | D:6      | Reached skill level 7 in Unarmed Combat
 10102 | D:6      | Gained mutation: You cannot drink potions while threatened.
                  | [Ru sacrifice]
 10102 | D:6      | Reached * piety under Ru
 10402 | D:7      | Reached skill level 8 in Unarmed Combat
 10942 | D:7      | Reached XP level 10. HP: 72/72 MP: 8/13
 11446 | D:8      | Found a bloodstained altar of Trog.
 11592 | D:8      | Reached skill level 1 in Shields
 12574 | D:9      | Reached skill level 9 in Unarmed Combat
 13049 | D:9      | HP: 3/87 [orc warrior/+0 short sword (5)]
 13051 | D:9      | Hit by a boomerang thrown by an orc warrior

Illustrated notes

Levels and vault maps discovered:
D:1:      dpeg_arrival_rooms_c, layout_loops_ring, minmay_quantized
D:2:      layout_loops_ring, chequers_temple_overflow_statue_of_worship,
          minmay_3d_cube
D:3:      layout_basic, old_standard_altar, cheibriados_altar_1,
          serial_park_tiny_2, minmay_misc_feat_columns
D:4:      layout_loops_ring, okawaru_trees_2, lightli_sewer_entry_pipes,
          uniq_menkaure, uniq_natasha, uniq_pikel
D:5:      layout_rooms, minmay_temple_entry_gardened_gates,
          kennysheep_generic_room_5
D:6:      layout_basic, xom_confusion_cloud, lemuel_doored_altar
D:7:      layout_cave_pools
D:8:      layout_loops_cross, bloody_trog
D:9:      layout_basic, david_orc_4
Temple:   cyrus_circular_temple

Skill      XL: |  1  2  3  4  5  6  7  8  9 10 |
---------------+-------------------------------+-----
Fighting       | 2 3 5 6 7 8 |  8.7
Transmutations | 3 4 5 6 7 8 |  8.0
Unarmed Combat | 4 5 6 8 9 |  9.2
Poison Magic   | 1 2 |  2.0
Ice Magic      | 2 3 |  3.0
Shields        | 3 |  3.5
Dodging        | 4 |  4.2
Spellcasting   | |  2.0

Action                   |  1- 3 |  4- 6 |  7- 9 | 10-12 || total
-------------------------+-------+-------+-------+-------++-------
Melee: Unarmed           |    64 |   264 |   317 |   157 ||   802
       Tentacles         |    12 |    39 |    34 |    13 ||    98
       Constrict         |    22 |    61 |    36 |    10 ||   129
       Punch             |     2 |     4 |     7 |     6 ||    19
       Kick              |     3 |    28 |       |       ||    31
Throw: Dart              |       |    23 |    22 |     8 ||    53
       Boomerang         |       |     2 |       |       ||     2
 Cast: Beastly Appendage |     3 |    15 |       |       ||    18
       Spider Form       |       |     2 |    14 |     1 ||    17
       Ice Form          |       |       |     7 |     4 ||    11
Invok: Sacrifice Drink   |       |       |     1 |       ||     1
  Use: Scroll            |       |    10 |     6 |       ||    16
       Potion            |       |     1 |     1 |       ||     2
 Stab: Sleeping          |     3 |    11 |     5 |     5 ||    24
Armor: Skin              |     4 |    18 |    14 |     8 ||    44
Dodge: Dodged            |    36 |   220 |   282 |    69 ||   607

Table legend: (Time is in decaauts)
 A = Elapsed time spent in this place.
 B = Non-inter-level travel time spent in this place.
 C = Inter-level travel time spent in this place.
 D = Time resting spent in this place.
 E = Time spent auto-exploring this place.
 F = Levels seen in this place.
 G = Mean time per level.
                   A        B        C        D        E       F      G
               +--------+--------+--------+--------+--------+-----+--------+
         Total |  12978 |  12771 |    207 |   4995 |   5086 |  11 | 1179.8 |
       Dungeon |  11509 |  11308 |    201 |   4066 |   5002 |   9 | 1278.8 |
        Temple |     56 |     50 |      6 |      0 |     42 |   1 |   56.0 |
         Sewer |   1411 |   1411 |      0 |    929 |     42 |   1 | 1411.0 |
               +--------+--------+--------+--------+--------+-----+--------+

Top non-repeatable levels by time:
     D:4: 1980 daAuts
     D:6: 1600 daAuts
   Sewer: 1411 daAuts
     D:7: 1406 daAuts
     D:2: 1353 daAuts
     D:5: 1263 daAuts
     D:3: 1208 daAuts
     D:9: 999 daAuts
     D:8: 863 daAuts
     D:1: 833 daAuts
  Temple: 56 daAuts
